 Dungeon Crawl Stone Soup version 0.30-a0-141-g30f27751c5 (webtiles) character file.

Game seed: 17419544409234422551

117 qw the Chopper (level 5, -1/32 HPs)
             Began as a Gargoyle Fighter on Sept 25, 2022.
             Slain by Grinder (8 damage)
             ... on level 3 of the Dungeon.
             The game lasted 00:00:50 (2010 turns).

qw the Chopper (Gargoyle Fighter)                   Turns: 2010, Time: 00:00:50

Health: -1/32      AC: 16    Str: 21    XL:     5   Next: 1%
Magic:  5/5        EV:  5    Int:  9    God:
Gold:   94         SH:  4    Dex:  9    Spells: 4/4 levels left

rFire   . . .      SeeInvis .    Y - +0 war axe
rCold   . . .      Faith    .    c - +0 buckler
rNeg    + . .      Spirit   .    h - +0 plate armour
rPois   inf        Reflect  .    a - +0 helmet
rElec   +          Harm     .    (no cloak)
rCorr   .          Rampage  .    (no gloves)
Will    .....                    (no boots)
Stlth   ..........               (no amulet)
HPRegen 0.10/turn                (no ring)
MPRegen 0.09/turn                (no ring)

@: no status effects
A: sickness immunity, AC +4, negative energy resistance 1, electricity
resistance, torment resistance 1, petrification resistance
a: no special abilities


You were on level 3 of the Dungeon.
You visited 1 branch of the dungeon, and saw 3 of its levels.

You collected 94 gold pieces.


Innate Abilities, Weirdness & Mutations

You are immune to sickness and miasma.
Your stone body is resilient. (AC +4)
You are immune to poison.
You resist negative energy. (rN+)
You are resistant to electric shocks. (rElec)
You are resistant to unholy torment.
You are immune to petrification.


   Skills:
 - Level 3.2 Fighting
 + Level 4.5 Axes
 - Level 3.2 Armour
 - Level 3.2 Shields


You had 4 spell levels left.
You didn't know any spells.
Your spell library was empty.

Inventory:

Hand Weapons
 e - a +0 mace
 Y - a +0 war axe (weapon)
Armour
 a - a +0 helmet (worn)
 c - a +0 buckler (worn)
 h - a +0 plate armour (worn)
Scrolls
 g - a scroll of identify
Potions
 b - a potion of ambrosia {unknown}
 d - 2 potions of might
 f - a potion of cancellation {unknown}
 i - a potion of brilliance {unknown}
 k - a potion of flight {unknown}
 l - a potion of attraction {unknown}

Dungeon Overview and Level Annotations

Branches:
Dungeon (3/15)

Altars:

Shops:
D:1 (

Annotations:
D:3 Grinder


Message History

You hit Grinder.
Grinder is moderately wounded.
Grinder hits you but does no damage. x2
You closely miss Grinder.
Grinder is moderately wounded.
Grinder gestures at you. Pain shoots through your body!
You hit Grinder.
Grinder is heavily wounded.
Grinder gestures at you.
You are unaffected.
You slash Grinder!
Grinder is severely wounded.
Grinder blinks!
You closely miss Grinder.
Grinder is severely wounded.
Grinder hits you.
You writhe in agony.
Grinder gestures at you.
You suddenly lose the ability to move!
Grinder hits you. Grinder hits you! Grinder hits you but does no damage. x2
You can move again.
You hit Grinder but do no damage.
Grinder is severely wounded.
You block Grinder's attack.
You hit Grinder.
Grinder is severely wounded.
Grinder gestures at you.
You suddenly lose the ability to move!
Grinder hits you but does no damage. Grinder gestures at you.
You shrug off the repeated paralysis!
Grinder blinks!
Grinder hits you but does no damage.
You can move again.
You hit Grinder but do no damage.
Grinder is severely wounded.
Grinder hits you. Grinder hits you!
You die...

#... ..# #..# #.# #..#
#.# #. #..####.# #.
#....##.## ##.#####
#.#..##.##
###......#######.5..##.#.
......................'.
#.....@..######...####.
##.....5.##.......# ##
#.......##.#####.# #
###.<.####.# #.# #...#
#.#####.# ##.## #.#.....#
#.# #.#.###.# #.#
#.......# #.#
##...########


You could see Grinder.

Vanquished Creatures
  Jessica (D:2)
  Terence (D:2)
  2 adders (D:2)
  An ufetubus (D:3)
  A worm (D:2)
  A bat (D:1)
  4 endoplasms
  A giant cockroach (D:1)
  2 goblins
  4 hobgoblins
  8 jackals (D:1)
  3 quokkas
  A ball python (D:1)
  4 frilled lizards
  3 kobolds
  2 rats (D:2)
39 creatures vanquished.

Notes
Turn   | Place    | Note
-------+----------+-------------------------------------------
     0 | D:1      | qw the Gargoyle Fighter began the quest for the Orb.
     0 | D:1      | Reached XP level 1. HP: 14/14 MP: 1/1
     0 | D:1      | 0 ||| qw: Version: 0.2-a-10-g399e6c4
     0 | D:1      | 0 ||| qw: Game counter: 146
     0 | D:1      | 0 ||| qw: Always use a shield: true
     0 | D:1      | 0 ||| qw: God list: Okawaru
     0 | D:1      | 0 ||| qw: Allow faded altars: false
     0 | D:1      | 0 ||| qw: Do Orc after D:15 true
     0 | D:1      | 0 ||| qw: Do second Lair branch before Depths: true
     0 | D:1      | 0 ||| qw: Lair rune preference: random
     0 | D:1      | 0 ||| qw: Plans: Normal, Zot:1-4, God:TSO, Crypt, Tomb,
                  | Pan, Slime:5, Hells, Abyss, Orb
     0 | D:1      | 0 ||| PLANNING D:1-11
    40 | D:1      | 40 ||| Stepping ~*~*~tactically~*~*~ (stealth).
    43 | D:1      | 43 ||| Stepping ~*~*~tactically~*~*~ (stealth).
    49 | D:1      | Reached skill level 2 in Axes
    54 | D:1      | Reached XP level 2. HP: 16/19 MP: 2/2
   131 | D:1      | 131 ||| Stepping ~*~*~tactically~*~*~ (stealth).
   133 | D:1      | 133 ||| Stepping ~*~*~tactically~*~*~ (stealth).
   135 | D:1      | 135 ||| Stepping ~*~*~tactically~*~*~ (stealth).
   261 | D:1      | Found Norchy Ruiheu's Weapon Boutique.
   265 | D:1      | 265 ||| SHOPLISTING +3 flail of protection (212 gold, have
                  | 29).
   269 | D:1      | Reached skill level 3 in Axes
   643 | D:1      | Reached XP level 3. HP: 20/23 MP: 3/3
   698 | D:1      | Found a faded altar of an unknown god.
   924 | D:1      | 924 ||| UPGRADING to +0 chain mail.
   934 | D:1      | 934 ||| DROPPING +0 scale mail.
   935 | D:1      | 935 ||| UPGRADING to +0 plate armour.
   945 | D:1      | 945 ||| DROPPING +0 chain mail.
   946 | D:1      | 946 ||| READING scroll labelled GOIKOSE CAORETT.
  1073 | D:2      | Noticed Jessica
  1076 | D:2      | Killed Jessica
  1150 | D:2      | Reached XP level 4. HP: 28/28 MP: 4/4
  1159 | D:2      | Reached skill level 4 in Axes
  1203 | D:2      | Noticed Terence
  1214 | D:2      | Killed Terence
  1346 | D:2      | 1346 ||| Stepping ~*~*~tactically~*~*~ (hiding).
  1509 | D:2      | 1509 ||| UPGRADING to +0 helmet.
  1514 | D:2      | 1514 ||| READING 2 scrolls labelled ASMOLOUGHI.
  1515 | D:2      | 1515 ||| READING 2 scrolls labelled EPPUOFFEYCW.
  1516 | D:2      | 1516 ||| READING 2 scrolls labelled ERUJIL YXKA.
  1517 | D:2      | 1517 ||| READING scroll labelled MOUTEBLOIDU.
  1520 | D:2      | 1520 ||| DROPPING scroll of fear.
  1521 | D:2      | 1521 ||| DROPPING scroll of amnesia.
  1541 | D:3      | 1541 ||| STAIRDANCE
  1556 | D:3      | Reached XP level 5. HP: 16/32 MP: 5/5
  1556 | D:3      | 1556 ||| STAIRDANCE
  1789 | D:3      | Noticed Grinder
  1806 | D:3      | Paralysed by Grinder for 2 turns
  1814 | D:3      | 1814 ||| FLEEEEING.
  1815 | D:3      | 1815 ||| FLEEEEING.
  1824 | D:3      | 1824 ||| FLEEEEING.
  1830 | D:3      | 1830 ||| FLEEEEING.
  1832 | D:3      | 1832 ||| FLEEEEING.
  1833 | D:3      | 1833 ||| FLEEEEING.
  1834 | D:3      | 1834 ||| FLEEEEING.
  1835 | D:3      | 1835 ||| FLEEEEING.
  1836 | D:3      | 1836 ||| FLEEEEING.
  1837 | D:3      | 1837 ||| FLEEEEING.
  1840 | D:3      | 1840 ||| STAIRDANCE
  1986 | D:2      | 1986 ||| READING scroll labelled ZYSOAFR OTUQ.
  1990 | D:3      | 1990 ||| Stepping ~*~*~tactically~*~*~ (hiding).
  1991 | D:3      | 1991 ||| Stepping ~*~*~tactically~*~*~ (hiding).
  1999 | D:3      | Paralysed by Grinder for 5 turns
  2001 | D:3      | HP: 8/32 [Grinder (7)]
  2005 | D:3      | Paralysed by Grinder for 5 turns
  2010 | D:3      | HP: 7/32 [Grinder (2)]
  2010 | D:3      | Slain by Grinder

Levels and vault maps discovered:
D:1:      nagdon_arrival_zigzag_paths, layout_basic, serial_shops,
          nicolae_shop_trees, dreamdust_ecumenical_altar_statues
D:2:      layout_basic, uniq_terence, uniq_jessica
D:3:      layout_loops_corners, uniq_grinder

Skill      XL: |  1  2  3  4 |
---------------+-------------+-----
Axes           | 2 3 4 |  4.5
Fighting       | |  3.2
Armour         | |  3.2
Shields        | |  3.2

Action                   |  1- 3 |  4- 6 || total
-------------------------+-------+-------++-------
Melee: War axe           |    69 |    63 ||   132
  Use: Scroll            |     1 |     5 ||     6
Armor: Scale mail        |    38 |       ||    38
       Plate armour      |     8 |    43 ||    51
Dodge: Dodged            |    34 |    17 ||    51
Block: Buckler           |    15 |     9 ||    24

Table legend:
 A = Non-vault XP
 B = Vault XP
 C = Vault XP percentage of total XP
 D = Non-vault monster count
 E = Vault monster count
 F = Vault count percentage of total count
                 A         B        C        D         E       F
            +---------+---------+-------+---------+---------+-------
      Total |      95 |      73 |  43.5 |      37 |       2 |   5.1
            +---------+---------+-------+---------+---------+-------
        D:1 |      39 |       0 |   0.0 |      21 |       0 |   0.0
        D:2 |      48 |      73 |  60.3 |      15 |       2 |  11.8
        D:3 |       8 |       0 |   0.0 |       1 |       0 |   0.0
            +---------+---------+-------+---------+---------+-------
